AoeStats
← Señor JP

Arena

510125468Analyzed
3v3 RM · 2d ago on Sep 29, 2026· 45m 52s· 6 players
Game mode
Random Map
Map size
Normal (6 player)
Population
200
Speed
Normal
Resources
Standard
Victory
Conquest
Starting age
Dark Age
Ending age
Imperial Age
RankedLock teamsTeams togetherTeam positionsShared explorationLock speedFull tech treeHidden civsTurbo modeCheats
Victory
Defeat
🇫🇷 Saxons · France
1249
+14
🇨🇦 Teutons · Canada
1234
+14
🇪🇸 Malay · Spain
1234
+14
🇷🇺 Italians · Russia
1265
-17
🇷🇺 Franks · Russia
1264
-16
🇮🇱 Romans · Israel
1070
-9
Señor JP
2:03 Loom
8:51 Loom
10:40 Feudal Age
10:25 Horse Collar
10:41 Double-Bit Axe
14:58 Loom
18:26 Castle Age
16:39 Gold Mining
17:03 Stone Mining
18:31 Heavy Plow
21:28 Wheelbarrow
23:13 Hand Cart
23:15 Fletching
23:25 Padded Archer Armor
22:50 Elite Skirmisher
24:12 Bodkin Arrow
26:10 Town Watch
27:32 Ballistics
27:31 Leather Archer Armor
27:31 Crossbowman
28:16 Thumb Ring
28:26 Forging
30:07 Iron Casting
28:55 Pikeman
29:35 Squires
33:08 Imperial Age
30:42 Squires
30:28 Pikeman
30:54 Arson
31:56 Arbalester
34:34 Chemistry
34:57 Crop Rotation
33:57 Halberdier
37:22 Bracer
37:52 Ring Archer Armor
38:23 Blast Furnace
39:51 Elite Karambit Warrior
Fuck*n Good
7:25 Loom
9:33 Feudal Age
13:36 Castle Age
11:59 Double-Bit Axe
11:56 Horse Collar
20:41 Bow Saw
22:05 Wheelbarrow
21:39 Town Watch
21:59 Heavy Plow
23:29 Gold Mining
23:34 Stone Mining
24:28 Hand Cart
28:53 Imperial Age
27:37 Scale Mail Armor
29:05 Chain Mail Armor
30:38 Plate Mail Armor
29:34 Elite Varangian Guard
30:15 Squires
30:59 Arson
33:17 Forging
33:30 Conscription
33:24 Shield Wall
36:33 Two-Man Saw
36:08 Crop Rotation
36:47 Gambesons
42:53 Caravan
balgaro
3:57 Loom
11:15 Feudal Age
15:47 Castle Age
14:37 Stone Mining
17:02 Wheelbarrow
17:10 Double-Bit Axe
18:15 Bow Saw
18:17 Horse Collar
19:30 Heavy Plow
24:23 Hand Cart
24:57 Gold Mining
29:29 Imperial Age
28:00 Fortified Wall
28:46 Squires
28:27 Pikeman
29:16 Scale Mail Armor
30:47 Crenellations
30:44 Fletching
32:50 Two-Man Saw
32:02 Halberdier
32:57 Forging
33:03 Chain Mail Armor
35:10 Conscription
35:47 Crop Rotation
36:28 Plate Mail Armor
36:15 Onager
38:25 Chemistry
38:25 Siege Engineers
38:56 Siege Onager
40:02 Arson
41:13 Sappers
42:26 Iron Casting
41:47 Bodkin Arrow
arst239
11:57 Feudal Age
13:02 Double-Bit Axe
18:45 Castle Age
16:47 Stone Mining
17:05 Horse Collar
19:03 Gold Mining
20:54 Bow Saw
21:31 Heavy Plow
22:40 Gold Shaft Mining
25:21 Wheelbarrow
25:51 Loom
26:26 Hand Cart
30:02 Ballistics
35:37 Imperial Age
33:26 Ballistas
38:17 Coinage
38:55 Chemistry
Puzotron
13:02 Feudal Age
16:58 Castle Age
14:53 Horse Collar
15:47 Double-Bit Axe
21:23 Imperial Age
19:50 Masonry
20:27 Fletching
21:17 Bow Saw
23:05 Chemistry
23:05 Ballistics
22:50 Bodkin Arrow
24:15 Stone Mining
25:57 Padded Archer Armor
28:37 Bracer
29:37 Leather Archer Armor
30:58 Thumb Ring
31:09 Loom
35:33 Pirotechnia
35:58 Heavy Plow
35:51 Gold Mining
36:52 Ring Archer Armor
39:19 Conscription
39:26 Masonry
38:58 Treadmill Crane
39:28 Fortified Wall
WAnds | danila90r
10:09 Feudal Age
12:12 Wheelbarrow
15:03 Castle Age
13:27 Double-Bit Axe
22:46 Bow Saw
28:32 Imperial Age
26:37 Husbandry
27:31 Scale Barding Armor
28:29 Hand Cart
30:37 Gold Mining
30:13 Cavalier
30:56 Chivalry
32:28 Chain Barding Armor
33:44 Plate Barding Armor
33:42 Paladin
35:58 Forging
36:15 Conscription
37:45 Coinage
36:58 Ordonnance Companies
37:31 Fletching
38:10 Padded Archer Armor
38:21 Bodkin Arrow
39:02 Iron Casting
39:17 Leather Archer Armor
38:54 Cranequins
38:54 Heavy Mounted Crossbowman
39:57 Ballistics
40:37 Chemistry
Connection lost

Rejoining the realm…

Still unreachable

The connection could not be restored.

Session expired

The server has moved on; the page needs a fresh start.